 Dungeon Crawl Stone Soup version 0.29-a0-8-g0446c0dae4 (webtiles) character file.

Game seed: 5238163351789925861

19317 Angani the Fighter (level 12, -6/168 HPs)
             Began as a Pale Draconian Gladiator on Jan 28, 2022.
             Was an Elder of Trog.
             Mangled by a minotaur (43 damage)
             ... in a Gauntlet.
             The game lasted 00:26:07 (14772 turns).

Angani the Fighter (Pale Draconian Gladiator)      Turns: 14772, Time: 00:26:08

Health: -6/168     AC: 12    Str: 23    XL:     12   Next: 35%
Magic:  12/12      EV: 16    Int:  8    God:    Trog [****..]
Gold:   793        SH:  3    Dex: 14    Spells: 11/11 levels left

rFire   . . .      SeeInvis .   o - +6 whip "Zenteacy" {freeze, Fly rN+++ rCorr Dex-4}
rCold   . . .      Faith    .   K - +0 buckler
rNeg    + + +      Spirit   .   (armour unavailable)
rPois   .          Reflect  .   G - +2 hat
rElec   .          Harm     .   x - +0 cloak
rCorr   +          Rampage  .   q - +0 pair of gloves
Will    .....      NoTele   +   (no boots)
Stlth   ..........              (no amulet)
HPRegen 0.38/turn               k - +6 ring of strength
MPRegen 0.13/turn               (no ring)

@: berserking, flying, very quick
A: breathe steam, AC +8, unfitting armour, cold-blooded, steam resistance
a: Breathe Steam, Renounce Religion, Berserk, Trog's Hand, Brothers in Arms


You were in a Gauntlet.
You worshipped Trog.
Trog was greatly pleased with you.
You visited 1 branch of the dungeon, and saw 12 of its levels.
You also visited: Sewer and Gauntlet.

You collected 793 gold pieces.

Inventory:

Hand Weapons
 o - the +6 whip "Zenteacy" (weapon) {freeze, Fly rN+++ rCorr Dex-4}
   (You found it on level 3 of the Dungeon)

   It freezes those it strikes, dealing additional cold damage.
   It can also slow down cold-blooded creatures.
   Dex:       It affects your dexterity (-4).
   rN:        It renders you almost immune to negative energy.
   Fly:       It grants you flight.
   rCorr:     It protects you from acid and corrosion.
 E - a +2 flail of holy wrath
Missiles
 c - 5 throwing nets (quivered)
Armour
 q - a +0 pair of gloves (worn)
 x - a +0 cloak (worn)
 G - a +2 hat (worn)
 K - a +0 buckler (worn)
Jewellery
 k - a +6 ring of strength (left hand)
Wands
 r - a wand of mindburst (15)
 t - a wand of flame (35)
 w - a wand of polymorph (9)
 y - a wand of paralysis (9)
 C - a wand of iceblast (16)
Scrolls
 a - 2 scrolls of noise {unknown}
 d - 3 scrolls of blinking
 f - 4 scrolls of enchant armour {unknown}
 g - 4 scrolls of fear {unknown}
 j - 7 scrolls of teleportation
 m - 2 scrolls of immolation {unknown}
 n - a scroll of summoning {unknown}
 p - a scroll of vulnerability {unknown}
 s - 2 scrolls of silence
 A - a scroll of magic mapping
 B - a scroll of holy word {unknown}
 F - a scroll of enchant weapon {unknown}
Potions
 e - 5 potions of flight
 h - 3 potions of cancellation
 i - a potion of might
 l - 2 potions of curing
 u - 4 potions of degeneration {unknown}
 z - a potion of magic
 D - a potion of ambrosia
 H - 3 potions of heal wounds
 J - a potion of haste {unknown}
 L - a potion of resistance {unknown}
Miscellaneous
 b - a condenser vane
 I - a box of beasts


   Skills:
 + Level 12.2 Fighting
 - Level 12.0 Maces & Flails
 - Level 1.7 Throwing
 + Level 10.6 Dodging
 + Level 7.8 Evocations


You had 11 spell levels left.
You didn't know any spells.
Your spell library contained the following spells:

 Spells                   Type           Power      Damage    Failure   Level
 Corpse Rot               Necr/Air       0%         N/A       65%         2
 Poisonous Vapours        Pois/Air       0%         N/A       65%         2


Dungeon Overview and Level Annotations

Branches:
Dungeon (12/15)            Temple (0/1) D:6            Lair (0/6) D:11
    Orc (0/2) D:12          Sewer (visited)         Gauntlet (1/1)

Altars:
Ashenzari
Hepliaklqana
Kikubaaqudgha
Makhleb
Sif Muna
Trog
Uskayaw
Vehumet
Wu Jian
Yredelemnul
Zin
The Shining One

Shops:
D:10 :

Annotations:
Gauntlet 12 transporters, 21 runed translucent doors


Innate Abilities, Weirdness & Mutations

You can breathe blasts of scalding, opaque steam.
Your pale cyan-grey scales are hard. (AC +8)
You cannot fit into any form of body armour.
You are cold-blooded and may be slowed by cold attacks.
You are immune to the effects of steam.


Message History

Your troll goes berserk!
What are your orders? t - Shout!
Orders for allies: a - Attack new target. r - Retreat! s - Stop attacking. g - Guard the area. f - Follow me.
Anything else - Cancel.
Gang up on whom?
Press: ? - help, Dir - move target, f - minotaur
Aim: a minotaur, wielding the +7 flail "Poasy" {vorpal, *Rage rF+ rN+}, wearing a +0 crystal plate armour, wearing a +1 buckler of fire resistance and quivering silver javelins (ally target) Attack!
The minotaur throws a silver javelin.
The silver javelin misses your troll. The silver javelin pierces through you!
Your troll bites the minotaur!!
The minotaur blocks your troll's attack. x2
The minotaur throws a silver javelin.
The silver javelin pierces through your troll.
The silver javelin pierces through you!
Your troll bites the minotaur!!
Your troll claws the minotaur!
Your troll claws the minotaur.
Unknown command.
The minotaur blocks your troll's attack.
Your troll completely misses the minotaur.
Your troll claws the minotaur.
The minotaur goes berserk!
The minotaur hits your troll with the +7 flail "Poasy" {vorpal, *Rage rF+ rN+}!!
The minotaur gores your troll!
Unknown command.
The minotaur blocks your troll's attack. x2
Your troll claws the minotaur!!
The minotaur hits your troll with the +7 flail "Poasy" {vorpal, *Rage rF+ rN+}!!!
Your troll dies!
Your troll's corpse disappears in a puff of smoke!
The minotaur closely misses you. x2
A red film seems to cover your vision as you go berserk!
You feel yourself moving faster!
You feel mighty! Trog will no longer gift you weapons.
The minotaur hits you with the +7 flail "Poasy" {vorpal, *Rage rF+ rN+}!!!
* * * LOW HITPOINT WARNING * * *
The minotaur gores you!
* * * LOW HITPOINT WARNING * * *
The minotaur hits you with the +7 flail "Poasy" {vorpal, *Rage rF+ rN+}!!!
You die...

#).[# #8H8# #}.[#### #8.8#.8###
#...#....# # 8.8#..#.#
#.#..##'##H.#.# #.........@...#
#.#.##.#.##.#.# #.#....#....#.#
###.#.#######.#.###
#≈...............≈#
####8..©.©.©.©.©.©..8#### ### ##
#8##≈...............§##8# #8# #8
#################################
............≈∩≈..................


You could see a minotaur (berserk).

Vanquished Creatures
  Gastronok (D:10)
  A hydra (D:9)
  A catoblepas (D:8)
  2 two-headed ogres
  3 death yaks
  A thrashing horror (Gauntlet)
  A sixfirhy (Gauntlet)
  A deep elf archer (D:12)
  Pikel (D:6)
  An ugly thing (D:11)
  A manticore (D:11)
  2 trolls
  A hornet (D:9)
  3 slime creatures (D:11)
  A shadow (D:9)
  3 wraiths
  A vampire (D:6)
  19 yaks
  Eustachio (D:4)
  A wyvern (D:8)
  A vampire mosquito (D:12)
  2 steam dragons
  Menkaure (D:6)
  An acid dragon (D:11)
  Edmund (D:6)
  3 orc warriors
  2 ice beasts (D:6)
  A sky beast (D:5)
  A hornet zombie (D:8)
  2 black bears
  7 centaurs
  An ogre (D:4)
  2 small abominations (Gauntlet)
  A phantom (D:5)
  A kobold brigand (D:6)
  6 bullfrogs
  A scorpion (D:3)
  A water moccasin zombie (D:5)
  A water moccasin skeleton (D:4)
  8 killer bees
  8 wights
  7 howler monkeys
  A quasit (D:7)
  A jelly (D:5)
  A bullfrog zombie (D:6)
  8 centaur zombies
  A centaur skeleton (D:7)
  4 orc priests
  A gnoll shaman (D:7)
  4 hounds
  Crazy Yiuf (D:4)
  Natasha (thrice) (D:4)
  11 orc wizards
  A killer bee zombie (D:6)
  A hound skeleton (D:4)
  16 gnolls
  10 adders
  2 shadow imps
  A white imp (D:5)
  2 ufetubi (Gauntlet)
  3 dart slugs
  39 orcs
  14 ball pythons
  6 bats
  17 endoplasms
  9 giant cockroaches
  8 goblins
  7 hobgoblins
  4 jackals (D:4)
  16 quokkas
  9 frilled lizards
  2 goblin skeletons (D:7)
  A goblin zombie (D:7)
  A hobgoblin zombie (D:7)
  10 kobolds
  An orc skeleton (D:7)
  2 orc zombies (D:7)
  7 rats
330 creatures vanquished.

Vanquished Creatures (others)
  A human (D:10)
  An orc wizard (D:8)
  6 demonic plants (Gauntlet)
  14 withered plants (Gauntlet)
22 creatures vanquished.

Grand Total: 352 creatures vanquished

Notes
Turn   | Place    | Note
-------+----------+-------------------------------------------
     0 | D:1      | Angani the Draconian Gladiator began the quest for the Orb.
     0 | D:1      | Reached XP level 1. HP: 17/17 MP: 1/1
   330 | D:1      | Reached XP level 2. HP: 16/25 MP: 2/2
   979 | D:1      | Reached XP level 3. HP: 30/30 MP: 3/3
  1634 | D:2      | Found a faded altar of an unknown god.
  1640 | D:2      | Prayed at the altar of an unknown god.
  1640 | D:2      | Became a worshipper of Trog the Wrathful
  1640 | D:2      | Reached * piety under Trog
  1758 | D:2      | Reached XP level 4. HP: 33/38 MP: 4/4
  2269 | D:3      | Found a hazy altar of Hepliaklqana.
  2369 | D:3      | Noticed a scorpion
  2377 | D:3      | Found a broken altar of Ashenzari.
  2383 | D:3      | Killed a scorpion
  2384 | D:3      | Reached XP level 5. HP: 45/45 MP: 5/5
  2594 | D:3      | Found a burning altar of Makhleb.
  2629 | D:3      | Reached skill level 5 in Maces & Flails
  3007 | D:3      | Identified the +6 whip "Zenteacy" {freeze, Fly rN+++ rCorr
                  | Dex-4}
  3067 | D:3      | Found an ornate altar of the Wu Jian Council.
  3399 | D:4      | Noticed a black bear
  3405 | D:4      | Killed a black bear
  3406 | D:4      | Reached XP level 6. HP: 52/52 MP: 6/6
  3456 | D:4      | Reached ** piety under Trog
  3534 | D:4      | Noticed Eustachio
  3574 | D:4      | Killed Eustachio
  3575 | D:4      | Your scales start taking on a pale cyan-grey colour.
  3575 | D:4      | Reached XP level 7. HP: 38/60 MP: 7/7
  3575 | D:4      | Gained mutation: You are immune to the effects of steam.
                  | [Pale Draconian growth]
  3604 | D:4      | Noticed Natasha
  3610 | D:4      | Killed Natasha
  3616 | D:4      | Noticed Natasha
  3619 | D:4      | Killed Natasha
  3791 | D:4      | Found a glowing drain.
  3799 | Sewer    | Entered a sewer
  3905 | Sewer    | Reached skill level 5 in Fighting
  4138 | D:4      | Reached *** piety under Trog
  4247 | D:4      | Found a glowing silver altar of Zin.
  4273 | D:4      | Noticed Natasha
  4279 | D:4      | Killed Natasha
  4779 | D:4      | Found a runed translucent door.
  4780 | D:4      | Noticed Crazy Yiuf
  4975 | D:4      | Killed Crazy Yiuf
  4976 | D:4      | Reached skill level 5 in Dodging
  5053 | D:5      | Entered Level 5 of the Dungeon
  5060 | D:5      | Reached XP level 8. HP: 45/69 MP: 8/8
  5351 | D:5      | Noticed a +0 falchion
  5351 | D:5      | Noticed a +0 spear
  5352 | D:5      | Noticed a +0 dagger
  5352 | D:5      | Noticed a +0 spear
  5352 | D:5      | Noticed a +0 falchion
  5352 | D:5      | Noticed a +0 short sword
  5352 | D:5      | Noticed a +0 short sword
  5353 | D:5      | Noticed a +0 dagger
  5379 | D:5      | Found a hide-covered altar of Uskayaw.
  5843 | D:5      | Found a shimmering blue altar of Sif Muna.
  6223 | D:6      | Found a staircase to the Ecumenical Temple.
  6259 | D:6      | Noticed Edmund
  6277 | D:6      | Reached **** piety under Trog
  6291 | D:6      | Killed Edmund
  6292 | D:6      | Reached XP level 9. HP: 61/78 MP: 9/9
  6540 | D:6      | Noticed Menkaure
  6545 | D:6      | Noticed Pikel
  6547 | D:6      | Killed Menkaure
  6572 | D:6      | Killed Pikel
  6979 | D:7      | Reached skill level 10 in Maces & Flails
  7385 | D:7      | Found a glowing golden altar of the Shining One.
  7590 | D:8      | Found a basalt altar of Yredelemnul.
  7800 | D:8      | Reached ***** piety under Trog
  8307 | D:8      | Reached XP level 10. HP: 81/88 MP: 10/10
  8777 | D:8      | Noticed a catoblepas
  8797 | D:8      | Killed a catoblepas
  9511 | D:9      | Noticed a seven-headed hydra
  9530 | D:9      | Killed a seven-headed hydra
  9663 | D:9      | Reached skill level 1 in Evocations
  9861 | D:9      | Reached XP level 11. HP: 99/99 MP: 11/11
 10499 | D:9      | Paralysed by a hornet for 3 turns
 10894 | D:9      | Reached skill level 10 in Fighting
 11028 | D:10     | Entered Level 10 of the Dungeon
 11033 | D:10     | Found Igietter's Book Emporium.
 11035 | D:10     | Noticed a two-headed ogre
 11046 | D:10     | Killed a two-headed ogre
 11624 | D:10     | Found an ancient bone altar of Kikubaaqudgha.
 11770 | D:10     | Noticed Gastronok
 11795 | D:10     | Killed Gastronok
 11796 | D:10     | Reached skill level 5 in Evocations
 11899 | D:10     | Found a radiant altar of Vehumet.
 12127 | D:11     | Noticed a death yak
 12127 | D:11     | Noticed a death yak
 12172 | D:10     | Killed a death yak
 12549 | D:11     | Noticed a death yak
 12590 | D:10     | Killed a death yak
 12713 | D:11     | Killed a death yak
 12714 | D:11     | Reached skill level 10 in Dodging
 13172 | D:11     | Found a staircase to the Lair.
 13225 | D:11     | Noticed a white ugly thing
 13234 | D:11     | Killed a white ugly thing
 13235 | D:11     | Reached XP level 12. HP: 69/110 MP: 12/12
 13802 | D:12     | Noticed a two-headed ogre
 13946 | D:12     | Killed a two-headed ogre
 14013 | D:12     | Noticed a boulder beetle
 14014 | D:12     | Found a gate leading to a gauntlet.
 14022 | Gauntlet | Entered a Gauntlet
 14022 | Gauntlet | Found a transporter.
 14028 | Gauntlet | Noticed a catoblepas
 14051 | Gauntlet | Found a transporter.
 14066 | Gauntlet | Found a transporter.
 14071 | Gauntlet | Found a transporter.
 14092 | Gauntlet | Noticed a ghost crab
 14094 | Gauntlet | Found a transporter.
 14107 | Gauntlet | Found a transporter.
 14119 | Gauntlet | Found a transporter.
 14121 | Gauntlet | Noticed a great orb of eyes
 14127 | Gauntlet | Found a large runed translucent door.
 14128 | Gauntlet | Found a large runed translucent door.
 14129 | Gauntlet | Found a large runed translucent door.
 14129 | Gauntlet | Found a large runed translucent door.
 14130 | Gauntlet | Found a runed translucent gate.
 14131 | Gauntlet | Found a transporter.
 14131 | Gauntlet | Found a runed translucent gate.
 14132 | Gauntlet | Found a runed translucent gate.
 14133 | Gauntlet | Found a large runed translucent door.
 14133 | Gauntlet | Found a large runed translucent door.
 14133 | Gauntlet | Found a runed translucent door.
 14133 | Gauntlet | Found a runed translucent door.
 14134 | Gauntlet | Found a large runed translucent door.
 14135 | Gauntlet | Found a large runed translucent door.
 14137 | Gauntlet | Found a transporter.
 14137 | Gauntlet | Found a transporter.
 14139 | Gauntlet | Noticed a green death
 14142 | Gauntlet | Found a large runed translucent door.
 14142 | Gauntlet | Found a large runed translucent door.
 14143 | Gauntlet | Found a large runed translucent door.
 14144 | Gauntlet | Found a large runed translucent door.
 14152 | Gauntlet | Found a transporter.
 14164 | Gauntlet | Found a transporter.
 14165 | Gauntlet | Noticed a great orb of eyes
 14181 | Gauntlet | Found a transporter.
 14199 | Gauntlet | Found a transporter.
 14201 | Gauntlet | Found a transporter.
 14226 | Gauntlet | Found a transporter.
 14228 | Gauntlet | Found a transporter.
 14248 | Gauntlet | Found a transporter.
 14358 | Gauntlet | Found a large runed translucent door.
 14358 | Gauntlet | Found a large runed translucent door.
 14359 | Gauntlet | Found a large runed translucent door.
 14360 | Gauntlet | Found a large runed translucent door.
 14709 | Gauntlet | Identified the amulet of Loemeul {Spirit Will- Int+4}
 14754 | Gauntlet | Identified the +7 flail "Poasy" {vorpal, *Rage rF+ rN+}
 14754 | Gauntlet | Noticed a minotaur
 14772 | Gauntlet | Mangled by a minotaur

Illustrated notes

Levels and vault maps discovered:
D:1:      dpeg_arrival_simpleton_a, layout_rooms
D:2:      layout_rooms, dreamdust_ecumenical_altar_angels_and_demons
D:3:      layout_loops_cross, nicolae_ashenzari_panopticon,
          lemuel_crystal_altar, bloody_makhleb, lemuel_coloured_pillars_altar,
          hex_medium
D:4:      layout_loops_ring, zin_scriptorium, gup_sewer_entry_pipe,
          minmay_diced_spiral, uniq_natasha, uniq_crazy_yiuf_cottage,
          uniq_eustachio
D:5:      layout_loops_ring, kennysheep_orc_sif_temple,
          nicolae_uskayaw_en_pointe
D:6:      layout_rooms, minmay_temple_entry_nine_rooms, hex_large,
          roderic_lattice_a, uniq_edmund, uniq_menkaure, uniq_pikel
D:7:      layout_cave_pools, nicolae_tso_besieged_by_evil, minmay_between
D:8:      cheibrodos_barr_body, layout_gridville, mainiacjoe_overflow_catwalk
D:9:      layout_stronghold
D:10:     layout_roguey, lemuel_tele_altar, tgw_kikubaaqudgha, serial_shops,
          nicolae_shop_hallway_plus, uniq_gastronok
D:11:     wander_river, layout_rooms, dpeg_lair_monsters
D:12:     minmay_isolated_rectangles_in_corner, layout_basic,
          kennysheep_orc_monster_closet_entryway, gauntlet_entry_generic
Gauntlet: gammafunk_gauntlet_one_two_three [nicolae_gauntlet_arena_flowing_pool,
          gammafunk_gauntlet_arena_grid, gammafunk_gauntlet_arena_arrow_garden,
          gammafunk_gauntlet_arena_split_x, gammafunk_gauntlet_arena_chambers,
          gammafunk_gauntlet_arena_mazey,
          minmay_gauntlet_arena_make_your_own_arena,
          gammafunk_gauntlet_arena_split_diamond, nicolae_gauntlet_arena_x,
          nicolae_gauntlet_exit_dead_adventurers]

Skill      XL: |  1  2  3  4  5  6  7  8  9 10 11 12 |
---------------+-------------------------------------+-----
Dodging        | 3 4 5 6 7 8 10 | 10.6
Maces & Flails | 4 5 6 7 8 10 12 | 12.0
Fighting       | 3 4 5 6 8 9 11 12 | 12.2
Evocations     | 2 6 7 |  7.8
Throwing       | |  1.7

Action                   |  1- 3 |  4- 6 |  7- 9 | 10-12 || total
-------------------------+-------+-------+-------+-------++-------
Melee: Flail             |   115 |    71 |       |       ||   186
       Tailslap          |    16 |    19 |    48 |    81 ||   164
       Punch             |     2 |     1 |     2 |    11 ||    16
       Whip              |       |    68 |   359 |   440 ||   867
Invok: Berserk           |       |     3 |     5 |     9 ||    17
       Brothers in Arms  |       |       |       |     1 ||     1
 Abil: Breathe Steam     |       |       |    19 |    33 ||    52
  Use: Scroll            |     1 |     4 |     2 |     6 ||    13
       Potion            |       |       |       |     2 ||     2
 Stab: Sleeping          |       |       |     1 |       ||     1
       Invisible         |       |       |       |     1 ||     1
Armor: Skin              |    42 |    55 |    77 |    86 ||   260
Dodge: Dodged            |   120 |    86 |   190 |   212 ||   608
Block: Buckler           |       |       |       |     5 ||     5

Table legend: (Time is in decaauts)
 A = Elapsed time spent in this place.
 B = Non-inter-level travel time spent in this place.
 C = Inter-level travel time spent in this place.
 D = Time resting spent in this place.
 E = Time spent auto-exploring this place.
 F = Levels seen in this place.
 G = Mean time per level.
                   A        B        C        D        E       F      G
               +--------+--------+--------+--------+--------+-----+--------+
         Total |  14703 |  14351 |    352 |   4873 |   6583 |  14 | 1050.2 |
       Dungeon |  13627 |  13275 |    352 |   4611 |   6200 |  12 | 1135.6 |
         Sewer |    312 |    312 |      0 |     73 |     99 |   1 |  312.0 |
      Gauntlet |    762 |    762 |      0 |    189 |    284 |   1 |  762.0 |
               +--------+--------+--------+--------+--------+-----+--------+

Top non-repeatable levels by time:
     D:8: 1821 daAuts
     D:9: 1561 daAuts
    D:11: 1460 daAuts
     D:4: 1376 daAuts
     D:1: 1356 daAuts
    D:10: 1329 daAuts
     D:3: 1196 daAuts
     D:6: 983 daAuts
     D:5: 895 daAuts
     D:2: 879 daAuts
Gauntlet: 762 daAuts
     D:7: 609 daAuts
   Sewer: 312 daAuts
    D:12: 158 daAuts
